 Dungeon Crawl Stone Soup version 0.25.1-2-g60ff931df9 (webtiles) character file.

Game seed: 3490763520581625093

6983 hawla the Protected (level 10, -8/90 HPs)
             Began as a Minotaur Fighter on Oct 25, 2020.
             Was an Initiate of Gozag.
             Mangled by a very large slime creature (49 damage)
             ... on level 8 of the Dungeon.
             The game lasted 00:29:42 (13705 turns).

hawla the Protected (Minotaur Fighter)             Turns: 13705, Time: 00:29:42

Health: -8/90      AC: 20    Str: 27    XL:     10   Next: 81%
Magic:  0/9        EV: 11    Int: 11    God:    Gozag
Gold:   1305       SH:  0    Dex: 11    Spells: 9/9 levels left

rFire    + + .     SeeInvis .   b - +0 scimitar
rCold    + . .     Gourm    .   (no shield)
rNeg     . . .     Faith    .   a - +0 plate armour
rPois    .         Spirit   +   i - +0 hat
rElec    .         Reflect  .   v - +1 cloak
rCorr    +         Harm     .   s - +2 pair of gloves
MR       .....                  (no boots)
Stlth    ..........             w - amulet of guardian spirit
HPRegen  0.25/turn              l - ring of resist corrosion
MPRegen  0.11/turn              d - ring "Jatis" {rF++ rC+ Str+4 Int+6}

@: no status effects
A: retaliatory headbutt, horns 2
a: Potion Petition, Call Merchant, Bribe Branch, Renounce Religion


You were on level 8 of the Dungeon.
You worshipped Gozag.
Gozag was most pleased with you.
You were full.

You visited 2 branches of the dungeon, and saw 10 of its levels.

You collected 1399 gold pieces.
You paid 94 gold pieces to Gozag.

Inventory:

Hand Weapons
 b - a +0 scimitar (weapon)
 c - a +2 short sword of flaming
 n - the +8 short sword of Vaipoome {freeze, rC+ rN+ Str-2}
   (You found it on level 8 of the Dungeon)

   It has been specially enchanted to freeze those struck by it, causing extra
   injury to most foes and up to half again as much damage against particularly
   susceptible opponents.
   It can also slow down cold-blooded creatures.
   It affects your strength (-2).
   It protects you from cold.
   It protects you from negative energy.
 y - a +2 dagger of speed
Missiles
 p - 4 boomerangs
 u - 62 poisoned darts (quivered)
Armour
 a - a +0 plate armour (worn)
 i - a +0 hat (worn)
 s - a +2 pair of gloves (worn)
 v - a +1 cloak (worn)
Jewellery
 d - the ring "Jatis" (right hand) {rF++ rC+ Str+4 Int+6}
   (You found it on level 4 of the Dungeon)

   [ring of intelligence]

   It affects your strength (+4).
   It affects your intelligence (+6).
   It greatly protects you from fire.
   It protects you from cold.
 l - a ring of resist corrosion (left hand)
 w - an amulet of guardian spirit (around neck)
Wands
 z - a wand of clouds (1)
Scrolls
 j - a scroll of magic mapping
 m - a scroll of teleportation
 o - a scroll of enchant armour
 t - 2 scrolls of remove curse
Potions
 e - a potion of mutation {unknown}
 g - 2 potions of stabbing
 h - 2 potions of brilliance
 k - a potion of curing
 q - 2 potions of flight
 r - 2 potions of lignification {unknown}
Comestibles
 f - 11 rations


   Skills:
 + Level 8.9 Fighting
 + Level 8.0(9.1) Short Blades
 + Level 7.2(9.1) Long Blades
 + Level 2.5 Throwing
 + Level 9.5 Armour
 * Level 9.1 Dodging
 + Level 3.2 Stealth
   Level 3.6 Shields
 + Level 0.1 Evocations


You had 9 spell levels left.
You didn't know any spells.
Your spell library was empty.

Dungeon Overview and Level Annotations

Branches:
Dungeon (9/15)             Temple (1/1) D:7
   Lair: D:8-11         Orc: D:9-12

Altars:
Ashenzari
Dithmenos
Elyvilon
Fedhas
Gozag
Hepliaklqana
Makhleb
Okawaru
Qazlal
Ru
Sif Muna
Vehumet
Wu Jian
Xom
Zin


Innate Abilities, Weirdness & Mutations

You reflexively headbutt those who attack you in melee.
You have a pair of horns on your head.


Message History

You slash the large slime creature!
You headbutt the large slime creature, but do no damage.
The large slime creature is severely wounded.
The large slime creature hits you!
Two slime creatures merge to form a very large slime creature.
You hit the very large slime creature.
The very large slime creature is heavily wounded.
You slash the very large slime creature!
Your headbutt misses the very large slime creature.
The very large slime creature is heavily wounded.
You slash the very large slime creature!
You headbutt the very large slime creature.
The very large slime creature is heavily wounded.
The very large slime creature hits you!
You slice the very large slime creature!!
The very large slime creature is severely wounded.
The very large slime creature hits you!!!
Ouch! That really hurt!
You die...
Your body crumbles into a pile of gold.

.## #.##### #.#.#....#.##.. .#
#.# #..........##.. .# #.#
#.#(#.#..####.. '## #.#
#.........###.. .)## #.#
#.#.#.#.#...... ...## #.##
#.............. ....## #..##
##.#....##.#.#..
.....####...######........#......
.....+.........J@...#.#.....#.#..
.....####...######...#...........
....## #..## ##.#.#.#...#.#.#
...## ###.##### #....#.........
#### #.......# #.#.#.#.#.#.#.#
...# #.....#.# #..............
.8)# #.....#.# ######.#...####
8_8# #.....#.# #...### .8.#
#...>.#.# ###.# #


You could see a very large slime creature.

Vanquished Creatures
  A death knight (D:9)
  Maurice (D:8)
  A troll (D:9)
  3 slime creatures
  A hornet (D:6)
  A hippogriff (D:9)
  A vampire (D:9)
  A shadow (D:9)
  A hungry ghost (D:8)
  A vampire mosquito (D:9)
  2 soldier ants (D:8)
  Duvessa (D:6)
  An ice beast (D:8)
  4 ogres
  3 orc warriors (D:8)
  A sky beast (D:9)
  2 centaurs
  A big kobold (D:7)
  5 bullfrogs
  4 scorpions
  Dowan (D:6)
  12 killer bees
  8 wights
  3 howler monkeys
  3 bullfrog zombies
  A centaur zombie (D:6)
  4 crimson imps
  A jelly (D:9)
  2 orc priests (D:5)
  5 hounds
  A gnoll shaman (D:8)
  3 orc wizards
  A bullfrog skeleton (D:6)
  3 centaur skeletons
  4 iguanas
  Ijyb (D:3)
  8 worker ants
  A killer bee zombie (D:8)
  A hound skeleton (D:8)
  14 adders
  11 gnolls
  A shadow imp (D:9)
  A worm (D:8)
  2 dart slugs (D:2)
  4 leopard geckos
  23 orcs
  2 giant cockroaches
  10 goblins
  10 jackals
  5 quokkas
  7 bats
  2 frilled lizards
  13 kobolds
  8 rats
  2 demonic plants (Temple)
214 creatures vanquished.

Vanquished Creatures (others)
  An orc wizard (D:4)
1 creature vanquished.

Grand Total: 215 creatures vanquished

Notes
Turn   | Place    | Note
-------+----------+-------------------------------------------
     0 | D:1      | hawla the Minotaur Fighter began the quest for the Orb.
     0 | D:1      | Reached XP level 1. HP: 19/19 MP: 0/0
    68 | D:1      | Reached XP level 2. HP: 3/27 MP: 1/1
  1079 | D:1      | Reached XP level 3. HP: 28/33 MP: 2/2
  1294 | D:2      | Found a shimmering altar of Xom.
  1570 | D:2      | Reached skill level 1 in Dodging
  1669 | D:2      | Found a glowing silver altar of Zin.
  2381 | D:2      | Reached XP level 4. HP: 28/40 MP: 3/3
  2563 | D:3      | Reached skill level 1 in Stealth
  2564 | D:3      | Found a shattered altar of Ashenzari.
  2723 | D:3      | Found a faded altar of an unknown god.
  2812 | D:3      | Noticed Ijyb
  2814 | D:3      | Paralysed by Ijyb for 3 turns
  2840 | D:3      | Paralysed by Ijyb for 6 turns
  2848 | D:3      | Killed Ijyb
  2858 | D:3      | Reached XP level 5. HP: 18/47 MP: 4/4
  3069 | D:3      | Reached skill level 1 in Short Blades
  3992 | D:3      | Found a radiant altar of Vehumet.
  4229 | D:4      | Found a shimmering blue altar of Sif Muna.
  4539 | D:4      | Found an ornate altar of the Wu Jian Council.
  4584 | D:4      | Noticed an ogre
  4594 | D:4      | Killed an ogre
  4594 | D:4      | Reached skill level 5 in Fighting
  4594 | D:4      | Reached XP level 6. HP: 56/56 MP: 5/5
  4611 | D:4      | Got a faintly glowing marble ring
  4612 | D:4      | Identified the ring "Jatis" {rF++ rC+ Str+4 Int+6} (You
                  | found it on level 4 of the Dungeon)
  4940 | D:5      | Entered Level 5 of the Dungeon
  5470 | D:5      | Reached XP level 7. HP: 61/61 MP: 6/6
  5482 | D:5      | Reached skill level 5 in Dodging
  5554 | D:5      | Found an opulent altar of Gozag.
  5558 | D:5      | Became a worshipper of Gozag Ym Sagoz the Greedy
  5564 | D:5      | Found an iron altar of Okawaru.
  5571 | D:5      | Found a white marble altar of Elyvilon.
  5578 | D:5      | Found a blossoming altar of Fedhas.
  5585 | D:5      | Found a hazy altar of Hepliaklqana.
  5592 | D:5      | Found a shimmering blue altar of Sif Muna.
  5597 | D:5      | Found a stormy altar of Qazlal.
  6377 | D:6      | Found a blossoming altar of Fedhas.
  6489 | D:6      | Reached skill level 1 in Throwing
  6489 | D:6      | Reached XP level 8. HP: 64/70 MP: 5/7
  6745 | D:6      | Noticed a hornet
  6747 | D:6      | Paralysed by a hornet for 1 turns
  6756 | D:6      | Paralysed by a hornet for 3 turns
  6764 | D:6      | HP: 3/70 [hornet (10)]
  6769 | D:6      | Killed a hornet
  7095 | D:6      | Reached skill level 5 in Short Blades
  7095 | D:6      | Reached skill level 5 in Armour
  7333 | D:6      | Noticed Dowan
  7334 | D:6      | Noticed Duvessa
  7345 | D:6      | Killed Dowan
  7373 | D:6      | Killed Duvessa
  8333 | D:7      | Reached XP level 9. HP: 65/78 MP: 8/8
  8789 | D:7      | Found a shadowy altar of Dithmenos.
  8845 | D:7      | Found a staircase to the Ecumenical Temple.
  9132 | D:7      | Found a sacrificial altar of Ru.
  9133 | D:7      | Found a burning altar of Makhleb.
  9699 | D:8      | Reached skill level 5 in Long Blades
  9811 | D:8      | Got a pitted short sword
  9812 | D:8      | Identified the +8 short sword of Vaipoome {freeze, rC+ rN+
                  | Str-2} (You found it on level 8 of the Dungeon)
 10229 | D:8      | Noticed Maurice
 10236 | D:8      | Killed Maurice
 10236 | D:8      | Reached XP level 10. HP: 88/88 MP: 9/9
 10306 | D:8      | Found an iron altar of Okawaru.
 11472 | D:9      | Noticed a death knight
 11850 | D:9      | HP: 1/89 [titanic slime creature (87)]
 13100 | D:9      | Identified the cursed ring "Maila" {MR+ Str-4}
 13280 | D:9      | Killed a death knight
 13615 | Temple   | Entered the Ecumenical Temple
 13705 | D:8      | Mangled by a very large slime creature

Illustrated notes

Levels and vault maps discovered:
D:1:      minmay_arrival_hallway, layout_rooms
D:2:      layout_basic, xom_teletrap_fun, old_standard_altar, first_ration,
          grunt_decor_resistance
D:3:      layout_basic, nicolae_overflow_crystal_walls,
          lemuel_coloured_pillars_altar, chequers_ecumenical_altar_simple_redux,
          uniq_ijyb
D:4:      layout_basic, kennysheep_mini, led_sif_book
D:5:      layout_basic, grunt_temple_overflow_octagram
D:6:      layout_basic, fedhas_altar_2, uniq_duvessa
D:7:      layout_basic, grunt_temple_overflow_open, old_standard_altar,
          minmay_temple_entry_statues
D:8:      layout_loops_corners, hangedman_pestilent_swarm,
          hangedman_decor_riveting, kennysheep_okawaru_gauntlet, uniq_maurice
D:9:      layout_roguey, corexii_hall_statues_l, minmay_the_grid_2x2
          [minmay_the_grid_doors, minmay_the_grid_spin_star,
          minmay_the_grid_embedded, minmay_the_grid_prize_shrinking_boxes]
Temple:   corrupted_temple

Skill      XL: |  1  2  3  4  5  6  7  8  9 10 |
---------------+-------------------------------+-----
Armour         | 4 6 7 9 |  9.5
Fighting       | 4 5 6 8 |  8.9
Dodging        | 1 2 3 4 6 7 8 9 |  9.1
Long Blades    | 3 4 6 7 |  7.2
Stealth        | 1 2 3 |  3.2
Short Blades   | 2 4 5 6 8 |  8.0
Throwing       | 1 2 |  2.5
Shields        | |  3.6
Evocations     | |  0.1

Action                   |  1- 3 |  4- 6 |  7- 9 | 10-12 || total
-------------------------+-------+-------+-------+-------++-------
Melee: Long sword        |    34 |       |    57 |       ||    91
       Headbutt          |    10 |    37 |    81 |    59 ||   187
       Dagger            |    51 |   179 |   234 |       ||   464
       Short sword       |     7 |       |    53 |   116 ||   176
       Scimitar          |       |       |    31 |    71 ||   102
       Spear             |       |       |       |    11 ||    11
Throw: Dart              |       |     4 |     3 |    24 ||    31
Evoke: Wand              |       |       |       |     3 ||     3
  Use: Potion            |     1 |     1 |     7 |     8 ||    17
       Scroll            |     5 |     7 |     6 |     9 ||    27
 Stab: Sleeping          |       |     1 |     1 |       ||     2
       Distracted        |       |       |     1 |       ||     1
  Eat: Chunk             |     4 |    10 |     1 |       ||    15
       Ration            |       |       |     6 |     4 ||    10
Armor: Robe              |       |     6 |       |       ||     6
       Leather armour    |       |     4 |     5 |       ||     9
       Ring mail         |       |       |    32 |       ||    32
       Scale mail        |       |       |    32 |       ||    32
       Chain mail        |       |       |    26 |    14 ||    40
       Plate armour      |       |       |       |    62 ||    62
Dodge: Dodged            |    65 |    89 |   179 |    75 ||   408
       Rpst.: Long sword |     5 |       |    12 |       ||    17
       Scimitar          |       |       |     2 |     7 ||     9
